 Dungeon Crawl Stone Soup version 0.19-a0-1166-g02d67b9 (webtiles) character file.

92 Gagarin the Skirmisher (level 4, 0/55 HPs)
             Began as a Demonspawn Abyssal Knight on Aug 14, 2016.
             Was a Follower of Lugonu.
             Succumbed to a worker ant's poison
             ... on level 3 of the Dungeon.
             The game lasted 00:04:53 (2239 turns).

Gagarin the Skirmisher (Demonspawn Abyssal Knight)  Turns: 2239, Time: 00:04:54

Health: 0/55       AC: 22    Str: 13    XL:     4   Next: 35%
Magic:  6/6        EV:  2    Int: 14    God:    Lugonu [*.....]
Gold:   124        SH:  0    Dex: 12    Spells: 0 memorised, 3 levels left

rFire  . . .     SeeInvis .     a - +1 spear
rCold  . . .     Gourm    .     (armour currently unavailable)
rNeg   + + +     Faith    .     (no shield)
rPois  +         Spirit   .     (helmet currently unavailable)
rElec  .         Dismiss  .     (cloak currently unavailable)
rCorr  .         Reflect  .     (gloves currently unavailable)
MR     .....     Harm     .     (boots currently unavailable)
Stlth  +......... NoTele   +    (no amulet)
                                (no ring)
                                (no ring)

@: lethally poisoned (0 -> -9), tree-form (expiring), heavily drained
A: (claws 0), (molten scales 0), powered by death 1
a: Depart the Abyss, Renounce Religion


You were on level 3 of the Dungeon.
You worshipped Lugonu.
Lugonu was aware of your devotion.
You were hungry.
You were a tree.
You visited 1 branch of the dungeon, and saw 3 of its levels.
You visited the Abyss 1 time.

You collected 124 gold pieces.

Inventory:

Hand Weapons
 a - a +1 spear (weapon)
Missiles
 j - 23 bolts
Armour
 b - a +0 leather armour (melded)
Jewellery
 f - a +2 ring of strength {unknown}
Scrolls
 d - a scroll of blinking {unknown}
 e - 5 scrolls of identify {unknown}
 g - 2 scrolls of teleportation {unknown}
 h - 3 scrolls of magic mapping {unknown}
 m - a scroll of fog {unknown}
 p - a scroll of recharging {unknown}
 q - 3 scrolls of remove curse {unknown}
 r - a scroll of immolation {unknown}
 w - 2 scrolls of amnesia {unknown}
Potions
 o - a potion of haste
Comestibles
 c - 3 bread rations
 n - a slice of pizza
 t - 4 chunks of flesh
 u - 2 meat rations


   Skills:
 + Level 3.9(2.5) Fighting
 + Level 2.2(0.9) Polearms
 + Level 2.1(0.8) Armour
 + Level 2.0(0.7) Dodging
 + Level 0.6(0.0) Stealth
 + Level 2.7(1.4) Invocations


You had 3 spell levels left.
You didn't know any spells.

Dungeon Overview and Level Annotations

Branches:
Dungeon (3/15)

Altars:
Gozag

Shops:
D:2 *


Innate Abilities, Weirdness & Mutations

((You have sharp fingernails.))
((You are partially covered in molten scales. (AC +2)))
You regenerate a little health from kills.


Message History

The worker ant misses you.
You hit the worker ant but do no damage.
The worker ant is almost dead.
* * * LOW HITPOINT WARNING * * *
You feel sick. The worker ant barely misses you.
You closely miss the worker ant.
The worker ant is almost dead.
The worker ant barely misses you.
It was a potion of lignification.
You turn into a tree.
Your +0 leather armour melds into your body.
Your roots penetrate the ground.
The worker ant bites you.
* * * LOW HITPOINT WARNING * * *
You are more poisoned.
The worker ant poisons you!
It was a potion of cancellation.
Your magical effects are unravelling.
Your magical contamination has completely faded away.
You feel magically purged.
You feel yourself slow down.
You flicker back into view.
You die...

#.# #.# # #.# #.#
#
########.#######.#
#
.................#
###.####)#########
#. #......#
#.###.######
###....#########
........♣a.......
#################


You could see a worker ant.

Vanquished Creatures
  Ijyb (D:2)
  An adder (D:3)
  An ooze (D:3)
  2 worms (D:2)
  An orc (D:3)
  7 giant cockroaches
  5 goblins
  3 hobgoblins
  4 ball pythons
  7 bats
  2 giant newts (D:2)
  6 kobolds
  8 rats
48 creatures vanquished.

Notes
Turn   | Place    | Note
-------+----------+-------------------------------------------
     0 | Abyss:1  | Gagarin the Demonspawn Abyssal Knight began the quest for the Orb.
     0 | Abyss:1  | Reached XP level 1. HP: 18/18 MP: 2/2
    37 | Abyss:1  | Noticed a large abomination
    37 | D:1      | Escaped the Abyss
   574 | D:1      | Gained mutation: You have sharp fingernails. [demonic ancestry]
   574 | D:1      | Reached XP level 2. HP: 24/24 MP: 3/3
   701 | D:1      | Reached skill level 1 in Dodging
  1018 | D:2      | Reached * piety under Lugonu
  1278 | D:2      | Noticed Ijyb
  1295 | D:2      | Killed Ijyb
  1295 | D:2      | Gained mutation: You are partially covered in molten scales. (AC +2) [demonic ancestry]
  1295 | D:2      | Reached XP level 3. HP: 17/30 MP: 3/5
  1603 | D:2      | Found an opulent altar of Gozag.
  1606 | D:2      | Found Gozag's Platinum Reserve.
  1993 | D:3      | Gained mutation: You regenerate a little health from kills. [demonic ancestry]
  1993 | D:3      | Reached XP level 4. HP: 30/37 MP: 6/6
  2230 | D:3      | HP: 1/37 [poisoned by a worker ant]
  2238 | D:3      | HP: 1/55 [worker ant (3)]
  2239 | D:3      | Succumbed to a worker ant's poison

Vault maps used:
D:1:      scummos_arrival_hexagon
D:2:      first_bread, hangedman_decor_push, nicolae_gozag_zags_fifth_avenue,
          uniq_iyjb
Abyss:1:  bh_abyss_negative

Skill      XL: |  1  2  3  4 |
---------------+-------------+-----
Armour         | 2 |  2.1
Dodging        | 1 2 |  2.0
Polearms       | 2 |  2.2
Fighting       | |  3.9
Stealth        | |  0.6
Invocations    | |  2.7

Action                   |  1- 3 |  4- 6 || total
-------------------------+-------+-------++-------
Melee: Spear             |   141 |    83 ||   224
Invok: Depart the Abyss  |     1 |       ||     1
  Use: Potion            |       |     8 ||     8
 Stab: Sleeping          |     1 |     1 ||     2
  Eat: Chunk             |     3 |     1 ||     4
Armor: Leather armour    |    23 |    17 ||    40
Dodge: Dodged            |    58 |    47 ||   105
